 Dungeon Crawl Stone Soup version 0.18.1-6-gd335043 (webtiles) character file.

364 GordonOverkill the Chopper (level 7, -2/52 HPs)
             Began as a Formicid Abyssal Knight on May 16, 2016.
             Was a Priest of Lugonu.
             Succumbed to a water moccasin's poison
             ... on level 9 of the Dungeon.
             The game lasted 00:12:44 (4754 turns).

GordonOverkill the Chopper (FoAK)                   Turns: 4754, Time: 00:12:45

Health: -2/52      AC:  9    Str: 18 (19) XL:     7   Next: 0%
Magic:  8/8        EV:  7    Int:  9 (11) God:    Lugonu [***...]
Gold:   229        SH:  0    Dex:  3 (10) Spells: 0 memorised, 6 levels left

rFire  . . .     SeeInvis +     v - +0 war axe
rCold  + . .     Gourm    .     u - +0 chain mail
rNeg   . . .     Faith    .     (no shield)
rPois  .         Spirit   .     (helmet unavailable)
rElec  .         Dismiss  .     f - +0 cloak
rCorr  .         Reflect  .     (no gloves)
SustAt .         Harm     .     (no boots)
MR     .....                    (no amulet)
Stlth  ..........               a - ring of flight
                                o - ring of protection from cold

@: lethally poisoned (-2 -> -37), not resistant to hostile enchantments,
extremely unstealthy
A: permanent stasis, dig shafts and tunnels, four strong arms, antennae 3
a: Dig, Shaft Self, Depart the Abyss, Bend Space, Banish, Renounce Religion,
Evoke Flight


You were on level 9 of the Dungeon.
You worshipped Lugonu.
Lugonu was most pleased with you.
You were hungry.

You visited 1 branch of the dungeon, and saw 8 of its levels.
You visited the Abyss 1 time.

You collected 229 gold pieces.

Inventory:

Hand Weapons
 v - a +0 war axe (weapon)
Armour
 f - a +0 cloak (worn)
 u - a +0 chain mail (worn)
 w - a +0 plate armour
Jewellery
 a - a ring of flight (right hand)
 o - a ring of protection from cold (left hand)
Wands
 n - a wand of iceblast (9/15)
Scrolls
 e - a scroll of enchant armour {unknown}
 j - 2 scrolls of amnesia {unknown}
 k - a scroll of recharging {unknown}
 l - a scroll of immolation {unknown}
 p - a scroll of identify {unknown}
 s - 2 scrolls of fear {unknown}
 t - a scroll of acquirement {unknown}
Potions
 b - a potion of berserk rage {unknown}
 d - a potion of degeneration
 g - a potion of mutation {unknown}
 h - a potion of flight
 i - a potion of ambrosia
 q - a potion of cancellation {unknown}
Comestibles
 c - 3 bread rations
 r - a chunk of flesh


   Skills:
 - Level 3.2 Fighting
 + Level 6.6 Axes
 - Level 2.1 Armour
 - Level 0.8 Dodging
 - Level 2.0 Stealth
 - Level 2.1 Invocations


You had 6 spell levels left.
You didn't know any spells.

Dungeon Overview and Level Annotations

Branches:
Dungeon (10/15)               Orc (0/2) D:9
 Temple: D:4-7         Lair: D:8-11

Altars:
Kikubaaqudgha

Annotations:
D:4 Eustachio, Robin
D:7 Pikel


Innate Abilities, Weirdness & Mutations

You are under a permanent stasis effect.
You can dig through walls and to a lower floor.
Your four strong arms can wield two-handed weapons with a shield.
You have a pair of large antennae on your head (SInv).


Message History

You feel sick.
You feel sick. The water moccasin bites you.
* * * LOW HITPOINT WARNING * * *
You are lethally poisoned!
The water moccasin poisons you!
Drink which item? (? for menu, Esc to quit)
It was a potion of cure mutation.
It has a very clean taste.
* * * LOW HITPOINT WARNING * * *
You feel sick.
The water moccasin bites you but does no damage.
You extend your mandibles.
You dig through the rock wall.
* * * LOW HITPOINT WARNING * * *
You feel sick. The water moccasin barely misses you.
The water moccasin bites you.
* * * LOW HITPOINT WARNING * * *
You are more poisoned.
The water moccasin poisons you!
You dig through the rock wall.
You die...

..................
.........# #..# #
.........# #..#######.#
.........######.Y........#>
................Y..........
.##.........{######..#####
###.........Y# #..# #
#..........# ####..# #
#.........{# #@##Y.# #
#.........{###.##..######
###...........YS...........
Y{.............Y...........
........(..................
#####...######.##.#####..##
####..........##.#####....
..........................
..........................


You could see a yak and a water moccasin.

Vanquished Creatures
  A centaur zombie (D:9)
  A howler monkey (D:4)
  An orc wizard (D:3)
  Ijyb (D:2)
  2 worker ants
  8 adders
  5 oozes
  4 worms
  2 dart slugs
  5 giant geckos
  9 orcs (D:3)
  A giant cockroach (D:3)
  7 hobgoblins
  9 kobolds
  3 quokkas
  8 bats
  2 giant newts
  7 goblins
  6 rats
82 creatures vanquished.

Notes
Turn   | Place    | Note
--------------------------------------------------------------
     0 | Abyss:1  | GordonOverkill the Formicid Abyssal Knight began the quest for the Orb.
     0 | Abyss:1  | Reached XP level 1. HP: 18/18 MP: 2/2
    45 | Abyss:1  | Noticed a smoke demon
    47 | D:1      | Escaped the Abyss
   439 | D:1      | Reached * piety under Lugonu
   475 | D:1      | Reached XP level 2. HP: 16/24 MP: 3/3
   688 | D:1      | Reached skill level 1 in Stealth
  1046 | D:1      | Reached skill level 3 in Axes
  1046 | D:1      | Reached XP level 3. HP: 26/29 MP: 4/4
  1336 | D:2      | Noticed Ijyb
  1357 | D:2      | Killed Ijyb
  1357 | D:2      | Reached XP level 4. HP: 20/35 MP: 5/5
  1846 | D:2      | Reached skill level 4 in Axes
  2439 | D:2      | Reached XP level 5. HP: 41/41 MP: 6/6
  2710 | D:2      | Reached ** piety under Lugonu
  2766 | D:3      | Found an ancient bone altar of Kikubaaqudgha.
  3033 | D:3      | Reached skill level 5 in Axes
  3297 | D:3      | Reached XP level 6. HP: 25/47 MP: 7/7
  3997 | D:4      | Reached skill level 6 in Axes
  4059 | D:4      | Noticed Eustachio
  4064 | D:4      | Noticed Robin
  4089 | D:4      | Reached *** piety under Lugonu
  4105 | D:4      | You fall through a shaft for 3 floors!
  4105 | D:7      | Noticed Pikel
  4105 | D:7      | Noticed a slave
  4105 | D:7      | Noticed a slave
  4105 | D:7      | Noticed a slave
  4105 | D:7      | Noticed a slave
  4108 | D:7      | You fall through a shaft!
  4108 | D:8      | Noticed a wyvern
  4123 | D:7      | Noticed a water moccasin
  4147 | D:7      | You are sucked into a shaft for 3 floors!
  4147 | D:10     | Entered Level 10 of the Dungeon
  4250 | D:10     | Noticed a wraith
  4674 | D:9      | Reached XP level 7. HP: 49/52 MP: 8/8
  4689 | D:9      | Noticed a yak
  4690 | D:9      | Noticed a yak
  4690 | D:9      | Noticed a yak
  4690 | D:9      | Noticed a water moccasin
  4690 | D:9      | Noticed a yak
  4691 | D:9      | Noticed a yak
  4691 | D:9      | Noticed a yak
  4736 | D:9      | Found a staircase to the Orcish Mines.
  4753 | D:9      | HP: 2/52 [water moccasin (6)]
  4754 | D:9      | Succumbed to a water moccasin's poison

Skill      XL: |  1  2  3  4  5  6 |
---------------+-------------------+-----
Stealth        | 1 2 |  2.0
Axes           | 3 4 5 6 |  6.6
Fighting       | |  3.2
Armour         | |  2.1
Dodging        | |  0.8
Invocations    | |  2.1

Action                   |  1- 3 |  4- 6 |  7- 9 || total
-------------------------+-------+-------+-------++-------
Melee: Hand axe          |    63 |   173 |       ||   236
       War axe           |       |    98 |       ||    98
Invok: Depart the Abyss  |     1 |       |       ||     1
 Abil: Dig               |       |     5 |     2 ||     7
       Shaft Self        |       |     3 |       ||     3
  Use: Potion            |       |     3 |     1 ||     4
 Stab: Sleeping          |     1 |     5 |       ||     6
  Eat: Chunk             |     1 |     9 |       ||    10
       Bread ration      |       |     1 |       ||     1
Armor: Leather armour    |    15 |    36 |       ||    51
       Chain mail        |       |   136 |     9 ||   145
       Scale mail        |       |    24 |       ||    24
Dodge: Dodged            |    47 |   158 |     9 ||   214
